 Dungeon Crawl Stone Soup version 0.30-a0-867-g305f33218d (webtiles) character file.

Game seed: 7536928355486032598

347 BigDaddyOpFi the Magician (level 6, -1/32 HPs)
             Began as a Deep Elf Earth Elementalist on Mar 10, 2023.
             Was an Initiate of Vehumet.
             Slain by a scorpion (5 damage)
             ... on level 5 of the Dungeon.
             The game lasted 00:04:35 (3798 turns).

BigDaddyOpFi the Magician (DEEE)                    Turns: 3798, Time: 00:04:35

Health: -1/32      AC:  3    Str:  5    XL:     6   Next: 32%
Magic:  8/14       EV: 13    Int: 22    God:    Vehumet [......]
Gold:   190        SH:  0    Dex: 15    Spells: 10/14 levels left

rFire   . . .      SeeInvis .    c - +0 dagger
rCold   . . .      Faith    .    (no shield)
rNeg    . . .      Spirit   .    a - +0 robe
rPois   .          Reflect  .    (no helmet)
rElec   .          Rampage  .    (no cloak)
rCorr   .                        (no gloves)
Will    .....                    t - +0 pair of boots
Stlth   +++                      (no amulet)
HPRegen 0.25/turn                (no ring)
MPRegen 0.14/turn                (no ring)

@: lethally poisoned (-1 -> -32)
A: no striking features
a: Renounce Religion


You were on level 5 of the Dungeon.
You worshipped Vehumet.
Vehumet was noncommittal.
You visited 2 branches of the dungeon, and saw 6 of its levels.

You collected 190 gold pieces.

Inventory:

Hand Weapons
 c - a +0 dagger (weapon)
Armour
 a - a +0 robe (worn)
 t - a +0 pair of boots (worn)
Wands
 l - a wand of flame (20)
 n - a wand of light (2)
Scrolls
 d - a scroll of fear {unknown}
 f - a scroll of summoning
 j - a scroll of identify
 k - 4 scrolls of magic mapping
 r - a scroll of vulnerability {unknown}
 s - a scroll of acquirement {unknown}
Potions
 b - a potion of magic
 g - 2 potions of degeneration {unknown}
 h - 5 potions of haste
 i - a potion of curing {unknown}
 m - a potion of mutation {unknown}
 o - 2 potions of attraction {unknown}
 p - a potion of lignification {unknown}
 q - 2 potions of cancellation


   Skills:
 + Level 2.8 Ranged Weapons
 + Level 3.9 Dodging
 + Level 4.0 Stealth
 + Level 4.5 Spellcasting
 * Level 2.2 Conjurations
 - Level 2.3 Transmutations
 + Level 4.2 Earth Magic


You had 10 spell levels left.
You knew the following spells:

 Your Spells              Type           Power      Damage    Failure   Level
a - Sandblast             Erth           46%        2d11      1%          1
b - Stone Arrow           Conj/Erth      38%        3d9       9%          3

Your spell library contained the following spells:

 Spells                   Type           Power      Damage    Failure   Level
 Passwall                 Tmut/Erth      15%        N/A       4%          2
 Petrify                  Tmut/Erth      19%        N/A       26%         4


Dungeon Overview and Level Annotations

Branches:
Dungeon (5/15)             Temple (1/1) D:5

Altars:
Ashenzari
Cheibriados
Dithmenos
Elyvilon
Fedhas
Gozag
Hepliaklqana
Kikubaaqudgha
Makhleb
Nemelex Xobeh
Qazlal
Ru
Trog
Uskayaw
Vehumet
Wu Jian
Xom
Yredelemnul
Zin
The Shining One

Annotations:
D:4 Eustachio


Message History

Unknown command.
Casting: Stone Arrow (quite dangerous; 9% risk of failure)
Confirm with . or Enter, or press ? or * to list all spells.
Aiming: Stone Arrow (quite dangerous; 9% risk of failure)
Press: ? - help, Shift-Dir - straight line, f/p - scorpion
Aim: a scorpion (heavily wounded, 68% to hit)
The stone arrow hits the scorpion.
The scorpion is severely wounded.
You feel sick. The scorpion closely misses you.
The orc hits you with a +1 dagger of venom.
You are lethally poisoned!
The gnoll hits you with a +0 whip.
Unknown command.
It was a potion of heal wounds.
You feel much better.
You feel very sick.
The scorpion stings you but does no damage.
The orc barely misses you. The gnoll hits you with a +0 whip.
The scorpion barely misses you.
As you read the scroll of summoning, it crumbles to dust.
Wisps of shadow whirl around you...
You feel very sick.
The orc hits you with a +1 dagger of venom.
You are lethally poisoned!
The scorpion stings you!
You are more poisoned.
The scorpion poisons you! The gnoll misses you.
What are your orders? t - Shout!
Orders for allies: a - Attack new target. p - Attack previous target. r - Retreat! s - Stop attacking. g - Guard the area. f - Follow me.
Anything else - Cancel.
Gang up on whom?
Press: ? - help, Dir - move target, f/p - scorpion
Aim: a scorpion (severely wounded, ally target) Attack!
* * * LOW HITPOINT WARNING * * *
You feel extremely sick. The scorpion stings you.
You die...

...#.#..#................##.#.###
##.#.##.#####............+....#
.....##.# #............#..#####
##.####.# #...#.#..............
#.# #.# ##....#.####..####### #.#
#.######.#.....>...## #.#
#.#.)....##S#.#.#### #.#
#.#.####.##g#.#.# #.#
#(#.##..Ys@o..#.#
##.####.#.##.#.#..#.#.#
........#.##.#.#....#.#
##.######.##.#.##.#.#.#
#...........#........###########
########.........#..............
#.####################### #.# ###


You could see a scorpion (ally target), a gnoll, an orc, a friendly ice beast
(summoned) and a friendly adder (summoned, wandering).

Vanquished Creatures
  A black bear (D:5)
  2 hounds
  2 iguanas (D:5)
  5 gnolls
  3 adders
  A worm (D:5)
  A dart slug (D:5)
  8 endoplasms
  2 giant cockroaches
  6 goblins
  3 hobgoblins
  7 jackals (D:1)
  A quokka (D:2)
  5 ball pythons
  5 bats
  3 frilled lizards
  7 kobolds
  6 rats
68 creatures vanquished.

Vanquished Creatures (others)
  4 plants (D:4)
4 creatures vanquished.

Grand Total: 72 creatures vanquished

Notes
Turn   | Place    | Note
-------+----------+-------------------------------------------
     0 | D:1      | BigDaddyOpFi the Deep Elf Earth Elementalist began the
                  | quest for the Orb.
     0 | D:1      | Reached XP level 1. HP: 10/10 MP: 6/6
   251 | D:1      | Reached XP level 2. HP: 14/15 MP: 1/8
   850 | D:1      | Reached XP level 3. HP: 12/19 MP: 0/9
  1197 | D:2      | Reached skill level 1 in Ranged Weapons
  1635 | D:2      | Reached XP level 4. HP: 24/24 MP: 9/11
  2459 | D:4      | Noticed an ice beast
  2461 | D:4      | Noticed Eustachio
  2477 | D:5      | Entered Level 5 of the Dungeon
  2606 | D:5      | Learned a level 3 spell: Stone Arrow
  2623 | D:5      | Noticed a black bear
  2628 | D:5      | Killed a black bear
  2629 | D:5      | Reached skill level 1 in Conjurations
  2629 | D:5      | Reached XP level 5. HP: 28/28 MP: 6/13
  3160 | D:5      | Reached XP level 6. HP: 32/32 MP: 10/14
  3386 | D:5      | Found a staircase to the Ecumenical Temple.
  3395 | Temple   | Entered the Ecumenical Temple
  3559 | Temple   | Became a worshipper of Vehumet
  3798 | D:5      | Slain by a scorpion

Illustrated notes

Levels and vault maps discovered:
D:1:      nicolae_arrival_somewhat_less_tricky_arrival, layout_loops_ring,
          kennysheep_pointless_box, minmay_cut_off
D:2:      layout_loops_corners
D:3:      kennysheep_six_static_rooms, layout_loops_cross,
          nicolae_kite_square_tiling_tiny, nicolae_figureground_sparkle
D:4:      layout_rooms, serial_bayou_lagoon_b, uniq_eustachio, uniq_menkaure
D:5:      layout_basic, temple_hall_moat
Temple:   nicolae_temple_slightly_damp_pantheon

Skill      XL: |  1  2  3  4  5  6 |
---------------+-------------------+-----
Ranged Weapons | 1 2 |  2.8
Dodging        | 3 |  3.9
Stealth        | 3 4 |  4.0
Transmutations | 2 |  2.3
Spellcasting   | 4 |  4.5
Conjurations   | 1 2 |  2.2
Earth Magic    | 4 |  4.2

Action                     |  1- 3 |  4- 6 || total
---------------------------+-------+-------++-------
  Melee: Dagger            |    14 |       ||    14
   Cast: Sandblast         |    51 |    51 ||   102
         Stone Arrow       |       |     4 ||     4
    Use: Scroll            |     4 |     3 ||     7
         Potion            |       |     3 ||     3
   Stab: Distracted        |     1 |       ||     1
         Sleeping          |     1 |       ||     1
 Armour: Robe              |    11 |     5 ||    16
  Dodge: Dodged            |    28 |    31 ||    59

Table legend: (Time is in decaauts)
 A = Elapsed time spent in this place.
 B = Non-inter-level travel time spent in this place.
 C = Inter-level travel time spent in this place.
 D = Time resting spent in this place.
 E = Time spent auto-exploring this place.
 F = Levels seen in this place.
 G = Mean time per level.
                   A        B        C        D        E       F      G
               +--------+--------+--------+--------+--------+-----+--------+
         Total |   3848 |   3728 |    120 |    166 |   3031 |   6 |  641.3 |
       Dungeon |   3665 |   3564 |    101 |    166 |   2894 |   5 |  733.0 |
        Temple |    183 |    164 |     19 |      0 |    137 |   1 |  183.0 |
               +--------+--------+--------+--------+--------+-----+--------+

Top non-repeatable levels by time:
     D:1: 1157 daAuts
     D:5: 1116 daAuts
     D:2: 1059 daAuts
     D:3: 266 daAuts
  Temple: 183 daAuts
     D:4: 66 daAuts
